 Dungeon Sprint DCSS version bcrawl-1.27.1d (webtiles) character file.

Game seed: 9014212571029050859

3000000 Freyura the Axe Maniac (level 17, -10/166 HPs)
             Began as a Demonspawn Gladiator on July 26, 2020.
             Was a Priest of Makhleb.
             Mangled by a meat berserker
             ... wielding a +9 battleaxe
              (59 damage)
             ... in the Dungeon (Sprint VIII: "Arena of Blood").
             The game lasted 00:02:24 (30 turns).

Freyura the Axe Maniac (Demonspawn Gladiator)         Turns: 30, Time: 00:02:25

Health: -10/166    AC:  3    Str: 15    XL:     17   Next: 41%
Magic:  17/17      EV: 35    Int: 10    God:    Makhleb [***...]
Gold:   0          SH:  0    Dex: 21    Spells: 16/16 levels left

rFire    . . .     SeeInvis +   l - +∞ Axe of Woe
rCold    . . .     Gourm    .   (shield currently unavailable)
rNeg     . . .     Faith    .   b - +0 leather armour
rPois    .         Spirit   .   (helmet unavailable)
rElec    .         Reflect  .   (no cloak)
rCorr    .         Harm     .   (gloves unavailable)
MR       +....     NoTele   +   (no boots)
Stlth    ++++......             (no amulet)
HPRegen  0.37/turn              m - +30 ring of slaying
MPRegen  0.15/turn              n - +30 ring of slaying

@: no status effects
A: antennae 3, claws 3, talons 1, foul stench 1, nightstalker 2, powered by pain
2, rot immunity
a: Minor Destruction, Lesser Servant of Makhleb, Renounce Religion


You were in the Dungeon.
You worshipped Makhleb.
Makhleb was most pleased with you.
You were not hungry.

You visited 1 branch

Inventory:

Hand Weapons
 a - a +0 war axe
 l - the +∞ Axe of Woe (weapon)
   (You found it in the Dungeon)
Missiles
 d - 3 throwing nets {=f}
Armour
 b - a +0 leather armour (worn)
 c - a +0 helmet
Jewellery
 m - a +30 ring of slaying (left claw)
 n - a +30 ring of slaying (right claw)
Scrolls
 k - a scroll of blinking
Potions
 f - a potion of curing
 g - a potion of heal wounds
 h - a potion of haste
 i - 2 potions of magic
 j - a potion of berserk rage
Comestibles
 e - a ration {!d}


   Skills:
 + Level 24.1 Fighting
 O Level 27 Axes
 + Level 19.9 Throwing
 + Level 3.6 Armour
 O Level 27 Dodging


You had 16 spell levels left.
You didn't know any spells.
Your spell library was empty.

Dungeon Overview and Level Annotations

Branches:
Dungeon (1/1)

Altars:
Makhleb


Innate Abilities, Weirdness & Mutations

You have a pair of large antennae on your head. (SInv)
You have claws for hands.
You have sharp toenails.
You may emit foul miasma when damaged in melee.
You are significantly more attuned to the shadows.
You sometimes gain power by taking damage.
You are immune to rotting.


Message History

You hear a shout! x9
You hear a shout! x10
You hear a shout! x9
You hear a shout! x5
A meat berserker comes into view. It is wielding a +9 battleaxe.
You hear a shout! x4
A meat berserker comes into view. It is wielding a +9 battleaxe.
You hear two shouts!
You hear a shout!
The eight-headed meat hydra appears out of thin air!
An eight-headed meat hydra comes into view.
You hear a shout! x8
You hear a shout! x6
A destroyer comes into view.
It is wielding a +9 great sword of slicing.
You hear a shout! x3; The eight-headed meat hydra roars!
You hear a shout!
You hear two shouts!
You hear a shout! x3
The meat berserker rages.
You hear a shout! x2
The meat berserker hits you with a +9 battleaxe!!!
You die...

..... .. #...
.# . #... ..#{
..###D.. ..###.
......###......
....O_......
#...).#{
#_)@O_# #.))).#
....._)..V..
o.....###......
..###... ..###{
. { #... ..#
#... ..# .....
..


You could see an eight-headed meat hydra, a destroyer (wandering) and 2 meat
berserkers.

Vanquished Creatures
  4 ogres (D)
  5 orcs (D)
9 creatures vanquished.

Notes
Turn   | Place    | Note
-------+----------+-------------------------------------------
     0 | D        | Found the +∞ Axe of Woe
     0 | D        | Freyura the Demonspawn Gladiator began the quest for the
                  | Orb.
     0 | D        | Reached XP level 1. HP: 16/16 MP: 1/1
     3 | D        | Noticed a meat berserker
     4 | D        | Became a worshipper of Makhleb the Destroyer
     5 | D        | Noticed a bag of meat
     5 | D        | Noticed a meat berserker
     6 | D        | Noticed a bag of meat
     7 | D        | Killed a meat berserker
     7 | D        | Reached skill level 10 in Throwing
     7 | D        | Gained mutation: You have sharp fingernails. [demonic
                  | ancestry]
     7 | D        | Reached XP level 2. HP: 38/38 MP: 2/2
     7 | D        | Gained mutation: You have a pair of small antennae on your
                  | head. [demonic ancestry]
     7 | D        | Reached XP level 3. HP: 44/44 MP: 3/3
     7 | D        | Reached XP level 4. HP: 51/51 MP: 4/4
     7 | D        | Gained mutation: You are slightly more attuned to the
                  | shadows. [demonic ancestry]
     7 | D        | Reached XP level 5. HP: 57/57 MP: 5/5
     7 | D        | Gained mutation: You are immune to rotting. [demonic
                  | ancestry]
     7 | D        | Reached XP level 6. HP: 64/64 MP: 6/6
     7 | D        | Gained mutation: You have very sharp fingernails. [demonic
                  | ancestry]
     7 | D        | Reached XP level 7. HP: 69/69 MP: 7/7
     7 | D        | Gained mutation: You are significantly more attuned to the
                  | shadows. [demonic ancestry]
     7 | D        | Reached XP level 8. HP: 76/76 MP: 8/8
     7 | D        | Gained mutation: You have claws for hands. [demonic
                  | ancestry]
     7 | D        | Reached XP level 9. HP: 82/82 MP: 9/9
     7 | D        | Gained mutation: You sometimes gain a little power by
                  | taking damage. [demonic ancestry]
     7 | D        | Reached XP level 10. HP: 89/89 MP: 10/10
     7 | D        | Reached XP level 11. HP: 95/95 MP: 11/11
     7 | D        | Gained mutation: You sometimes gain power by taking damage.
                  | [demonic ancestry]
     7 | D        | Reached XP level 12. HP: 102/102 MP: 12/12
     7 | D        | Gained mutation: You have a pair of antennae on your head.
                  | [demonic ancestry]
     7 | D        | Reached XP level 13. HP: 107/107 MP: 13/13
     9 | D        | Killed a meat berserker
     9 | D        | Reached * piety under Makhleb
     9 | D        | Reached XP level 14. HP: 119/119 MP: 14/14
     9 | D        | Killed a bag of meat
    12 | D        | Noticed a bag of meat
    14 | D        | Noticed a meat berserker
    15 | D        | Killed a bag of meat
    15 | D        | Reached skill level 15 in Fighting
    15 | D        | Gained mutation: You have a pair of large antennae on your
                  | head. (SInv) [demonic ancestry]
    15 | D        | Reached XP level 15. HP: 129/129 MP: 15/15
    17 | D        | Reached ** piety under Makhleb
    18 | D        | Noticed a meat berserker
    19 | D        | Killed a meat berserker
    19 | D        | Reached skill level 27 in Axes
    19 | D        | Reached skill level 15 in Throwing
    19 | D        | Gained mutation: You have sharp toenails. [demonic
                  | ancestry]
    19 | D        | Reached XP level 16. HP: 36/145 MP: 16/16
    22 | D        | Reached *** piety under Makhleb
    22 | D        | Reached skill level 1 in Armour
    22 | D        | Reached skill level 27 in Dodging
    22 | D        | Killed a meat berserker
    22 | D        | Gained mutation: You may emit foul miasma when damaged in
                  | melee. [demonic ancestry]
    22 | D        | Reached XP level 17. HP: 42/166 MP: 17/17
    27 | D        | Noticed a meat berserker
    27 | D        | Noticed a meat berserker
    29 | D        | Noticed an eight-headed meat hydra
    29 | D        | Noticed a destroyer
    30 | D        | Mangled by a meat berserker

Skill      XL: |  1  2  3  4  5  6  7  8  9 10 11 12 13 14 15 16 |
---------------+-------------------------------------------------+-----
Fighting       | 11 13 15 18 24 | 24.1
Axes           | 19 22 24 27 | 27.0
Throwing       | 10 12 13 15 19 | 19.9
Dodging        | 18 21 23 26 27 | 27.0
Armour         | 3 |  3.6

Action                   |  1- 3 |  4- 6 |  7- 9 | 10-12 | 13-15 | 16-18 || total
-------------------------+-------+-------+-------+-------+-------+-------++-------
Melee: Executioner's axe |     1 |       |       |       |     4 |     1 ||     6
Dodge: Dodged            |       |       |       |       |     1 |     1 ||     2
